 Dungeon Crawl Stone Soup version 0.31-a0-1549-g5ff9445e89 (webtiles) character file.

Game seed: 16521120161132269092

47 voltaire321 the Chiller (level 3, 0/39 HPs)
             Began as a Demonspawn Ice Elementalist on Jan 3, 2024.
             Slain by an orc wizard
             ... wielding a +0 dagger
              (2 damage)
             ... on level 2 of the Dungeon.
             The game lasted 00:04:18 (1642 turns).

voltaire321 the Chiller (DsIE)                      Turns: 1642, Time: 00:04:18

Health: 0/39       AC:  5    Str: 10    XL:     3   Next: 48%
Magic:  6/6        EV:  9    Int: 15    God:
Gold:   78         SH:  9    Dex: 13    Spells: 5/6 levels left

rFire   . . .        e - +0 short sword
rCold   . . .        l - +2 kite shield
rNeg    . . .        k - +0 leather armour
rPois   .            (no helmet)
rElec   .            (no cloak)
rCorr   .            (no gloves)
SInv    .            (no boots)
Will    .....        (no amulet) Stlth
                     (no ring)
HPRegen 0.26/turn    (no ring)
MPRegen 0.10/turn

%: no passive effects
@: mighty, berserking, very quick
A: yellow scales 1, powered by death 1
a: no special abilities


You were on level 2 of the Dungeon.
You visited 1 branch of the dungeon, and saw 2 of its levels.

You collected 78 gold pieces.

Inventory:

Hand Weapons
 e - a +0 short sword (weapon)
Armour
 k - a +0 leather armour (worn)
 l - a +2 kite shield (worn)
Scrolls
 d - a scroll of teleportation {unknown}
 g - a scroll of brand weapon {unknown}
 h - a scroll of identify {unknown}
 i - a scroll of immolation {unknown}
 m - a scroll of vulnerability {unknown}
 n - a scroll of fear {unknown}
Potions
 a - a potion of lignification {unknown}
 b - 2 potions of magic
 c - a potion of might
 j - a potion of brilliance {unknown}


   Skills:
 + Level 1.2 Fighting
 + Level 1.0 Armour
 + Level 2.2 Dodging
 - Level 1.7 Stealth
 + Level 0.0 Shields
 + Level 2.4 Spellcasting
 + Level 3.8 Ice Magic


You had 5 spell levels left.
You knew the following spells:

 Your Spells              Type           Power      Damage    Failure   Level
a - Freeze                Ice            52%        1d6       32%         1

Your spell library contained the following spells:

 Spells                   Type           Power      Damage    Failure   Level
 Frozen Ramparts          Ice            26%        1d4       69%         3
 Ozocubu's Armour         Ice            13%        N/A       69%         3
 Summon Ice Beast         Ice/Summ       7%         N/A       91%         3
 Summon Forest            Summ/Tloc      0%         N/A       100%        5
 Eringya's Noxious Bog    Alch           0%         4d6       100%        6
 Summon Hydra             Summ           0%         N/A       100%        7


Dungeon Overview and Level Annotations

Branches:
Dungeon (2/15)

Altars:

Shops:
D:1 :


Innate Abilities, Weirdness & Mutations

You are partially covered in yellow scales. (AC +2)
You regenerate a little health from kills.


Message History

A puff of flame appears from out of thin air!
The puff of flame hits you.
You miss something. Something hits you.
You hit something but do no damage.
You hear some strange, mumbled words.
Something tries to affect you, but you resist.
You hit something. Something hits you.
You hit something but do no damage.
Something hits you but does no damage. x2
You barely miss something. Something hits you but does no damage.
You hit something. Something hits you but does no damage.
You miss something. Something hits you but does no damage.
You barely miss something. Something hits you.
You hear some strange, mumbled words.
You are confused.
You bump into the rock wall.
Something hits you.
You bump into the rock wall.
The rat twitches its whiskers.
Something hits you but does no damage.
You bump into the rock wall.
You hear some strange, mumbled words.
A magic dart appears from out of thin air!
The magic dart hits you.
You bump into the rock wall.
You hear some strange, mumbled words.
A magic dart appears from out of thin air!
The magic dart hits you.
* * * LOW HITPOINT WARNING * * *
It was a potion of might.
You feel very mighty all of a sudden. Something hits you.
* * * LOW HITPOINT WARNING * * *
You bump into the rock wall.
Something hits you.
* * * LOW HITPOINT WARNING * * *
You're too confused to move!
You feel less confused. Something hits you but does no damage.
It was a potion of berserk rage.
A red film seems to cover your vision as you go berserk!
You feel yourself moving faster!
You feel mighty! Something hits you.
You die...

#.#... ##.#
#.##.#
#########r#.#
#<...@{oow...
#.#######....
### #.# .. .
#####.. #.##.#
....... #.##.#
....... #.##.#
###.... #.##.#
##... #.##.#
##.# #.
#.##.#########
##>#


You could see a ribbon worm, 2 orcs and a rat.

Vanquished Creatures
  An adder (D:2)
  An orc (D:2)
  5 endoplasms (D:1)
  A giant cockroach (D:1)
  3 goblins
  2 hobgoblins (D:1)
  3 jackals (D:1)
  4 kobolds (D:1)
  3 quokkas
  2 ball pythons (D:2)
  4 frilled lizards
  6 rats
35 creatures vanquished.

Notes
Turn   | Place    | Note
-------+----------+-------------------------------------------
     0 | D:1      | voltaire321 the Demonspawn Ice Elementalist began the quest
                  | for the Orb.
     0 | D:1      | Reached XP level 1. HP: 13/13 MP: 3/3
   192 | D:1      | Gained mutation: You are partially covered in yellow
                  | scales. (AC +2) [demonic ancestry]
   192 | D:1      | Reached XP level 2. HP: 20/20 MP: 1/5
   410 | D:1      | Found Aliblucw's Book Boutique.
  1015 | D:1      | Reached skill level 1 in Fighting
  1205 | D:2      | Gained mutation: You regenerate a little health from kills.
                  | [demonic ancestry]
  1205 | D:2      | Reached XP level 3. HP: 26/26 MP: 6/6
  1316 | D:2      | Reached skill level 1 in Armour
  1640 | D:2      | HP: 1/26 [something (3)]
  1642 | D:2      | Slain by an orc wizard

Illustrated notes

Levels and vault maps discovered:
D:1:      minmay_arrival_split_and_join, layout_basic, serial_shops,
          nicolae_shop_tiny_real_fake_doors
D:2:      layout_loops_ring, chequers_serial_rivers_small_a

Skill      XL: |  1  2  3 |
---------------+----------+-----
Dodging        | 2 |  2.2
Fighting       | 1 |  1.2
Armour         | 1 |  1.0
Stealth        | |  1.7
Spellcasting   | |  2.4
Ice Magic      | |  3.8

Action                     || total
---------------------------++-------
  Melee: Whip              ||     9
         Short sword       ||    33
         Punch             ||     1
   Cast: Freeze            ||    42
    Use: Potion            ||     2
   Stab: Sleeping          ||     4
 Armour: Robe              ||    19
         Leather armour    ||    25
  Dodge: Dodged            ||    26
  Block: Kite shield       ||     9

Table legend: (Time is in decaauts)
 A = Elapsed time spent in this place.
 B = Non-inter-level travel time spent in this place.
 C = Inter-level travel time spent in this place.
 D = Time resting spent in this place.
 E = Time spent auto-exploring this place.
 F = Levels seen in this place.
 G = Mean time per level.
                   A        B        C        D        E       F      G
               +--------+--------+--------+--------+--------+-----+--------+
         Total |   1648 |   1581 |     67 |    251 |    990 |   2 |  824.0 |
       Dungeon |   1648 |   1581 |     67 |    251 |    990 |   2 |  824.0 |
               +--------+--------+--------+--------+--------+-----+--------+

Top non-repeatable levels by time:
     D:1: 1202 daAuts
     D:2: 446 daAuts
